 Dungeon Crawl Stone Soup version 0.19-a0-1986-g7ebc489 (webtiles) character file.

1099 severenz the Caller (level 8, 52/52 HPs)
             Began as a Demonspawn Summoner on Jan 5, 2017.
             Quit the game in the Ecumenical Temple.
             The game lasted 00:22:15 (6021 turns).

severenz the Caller (Demonspawn Summoner)           Turns: 6021, Time: 00:22:15

Health: 52/52      AC:  7    Str:  8    XL:     8   Next: 10%
Magic:  15/15      EV: 12    Int: 22    God:
Gold:   344        SH:  0    Dex: 14    Spells: 5/16 levels left

rFire  . . .     SeeInvis .     F - +1 dagger (elec)
rCold  . . .     Faith    .     i - +0 leather armour
rNeg   . . .     Spirit   .     (no shield)
rPois  .         Reflect  .     (no helmet)
rElec  .                        e - +0 cloak
rCorr  .                        B - +2 pair of gloves
MR     .....                    (boots unavailable)
Stlth  ++........               (no amulet)
                                q - ring of stealth
                                o - +3 ring of intelligence

@: no status effects
A: hooves 3, sturdy frame 1
a: no special abilities


You were in the Ecumenical Temple.
You were not hungry.

You visited 2 branches of the dungeon, and saw 7 of its levels.

You collected 344 gold pieces.

Inventory:

Hand Weapons
 d - a +0 mace
 r - a +0 halberd
 y - a +0 trident
 F - a +1 dagger of electrocution (weapon)
Missiles
 k - 1615 stones (quivered)
 z - 111 tomahawks
Armour
 a - a +0 robe
 e - a +0 cloak (worn)
 i - a +0 leather armour (worn)
 x - a +1 scale mail of magic resistance
 B - a +2 pair of gloves (worn)
Jewellery
 o - a +3 ring of intelligence (left hand)
 q - a ring of stealth (right hand)
Wands
 J - a wand of polymorph (17/24)
Scrolls
 l - 6 scrolls of identify {unknown}
 m - 2 scrolls of magic mapping {unknown}
 p - 5 scrolls of teleportation {unknown}
 s - a scroll of fear {unknown}
 t - 2 scrolls of amnesia {unknown}
 v - 2 scrolls of noise {unknown}
 D - a scroll of recharging {unknown}
 E - a scroll of immolation {unknown}
Potions
 c - a potion of cancellation {unknown}
 f - a potion of cure mutation {unknown}
 g - a potion of mutation {unknown}
 h - a potion of heal wounds {unknown}
 j - a potion of berserk rage {unknown}
 n - 2 potions of invisibility {unknown}
 u - a potion of flight {unknown}
 A - a potion of agility {unknown}
 C - a potion of ambrosia {unknown}
 G - 3 potions of lignification {unknown}
 H - a potion of haste {unknown}
Books
 b - a book of Callings

   Spells                             Type                      Level
   a - Summon Small Mammal            Summoning                    1
   b - Call Imp                       Summoning                    2
   c - Call Canine Familiar           Summoning                    3
   d - Summon Guardian Golem          Hexes/Summoning              3
   e - Summon Lightning Spire         Summoning/Air                4
   f - Summon Ice Beast               Ice/Summoning                4
 w - a book of Debilitation

   Spells                             Type                      Level
   a - Corona                         Hexes                        1
   b - Slow                           Hexes                        2
   c - Gell's Gravitas                Hexes/Translocation          3
   d - Inner Flame                    Hexes/Fire                   3
   e - Cause Fear                     Hexes                        4
   f - Leda's Liquefaction            Hexes/Earth                  4
 I - a book of the Sky

   Spells                             Type                      Level
   a - Summon Lightning Spire         Summoning/Air                4
   b - Airstrike                      Air                          4
   c - Silence                        Hexes/Air                    5
   d - Deflect Missiles               Charms/Air                   6
   e - Conjure Ball Lightning         Conjuration/Air              6
   f - Tornado                        Air                          9


   Skills:
 + Level 0.0 Fighting
 + Level 1.7 Dodging
 - Level 1.7 Stealth
 + Level 4.9 Spellcasting
 + Level 6.8 Summonings
 - Level 3.6 Ice Magic
 + Level 3.6 Air Magic


You had 5 spell levels left.
You knew the following spells:

 Your Spells              Type           Power        Failure   Level  Hunger
a - Summon Small Mammal   Summ           ####         1%          1    None
b - Call Imp              Summ           #####...     1%          2    None
c - Summon Ice Beast      Ice/Summ       ####....     17%         4    ####...
d - Summon Lightning Spi  Summ/Air       ####....     17%         4    ####...


Dungeon Overview and Level Annotations

Branches:
Dungeon (6/15)             Temple (1/1) D:6
   Lair: D:-1         Crypt: Vaults:-1     Tomb: Vaults:-1

Altars:
Ashenzari
Cheibriados
Dithmenos
Elyvilon
Gozag
Hepliaklqana
Makhleb
Nemelex Xobeh
Okawaru
Qazlal
Ru
Trog
Uskayaw
Vehumet
Xom
Yredelemnul
The Shining One


Innate Abilities, Weirdness & Mutations

You have hooves in place of feet.
Your movements are slightly less encumbered by armour. (ER -2)


Message History

Found three altars.
There is a staircase back to the Dungeon here.
Found three altars.
Found three altars.
There is a glowing golden altar of the Shining One here.
Found three altars.
There is a stormy altar of Qazlal here.
Found three altars.
There is a hazy altar of Hepliaklqana here.
Found a sparkling altar of Nemelex Xobeh.
There is a burning altar of Makhleb here.
There is an opulent altar of Gozag here.
There is a burning altar of Makhleb here.
There is a hazy altar of Hepliaklqana here.
Search for what [? for help]? sif Can't find anything matching that.
Saving game... please wait.
Welcome back, severenz the Demonspawn Summoner.
Press ? for a list of commands and other information.
Are you sure you want to abandon this character and quit the game? (Confirm with "yes".)

#.........#
#8._._._.8#
#.........#
#.........#
#.._._._..#
#.........#
#.........#
#.._._._..#
#....@....#
#.........#
#.._._._..#
#.........#
#.........#
#.._._._..#
#.........#
#.........#
#...#8#...#


There were no monsters in sight!

Vanquished Creatures
  A two-headed ogre (D:5)
  A hound (D:4)
  A howler monkey skeleton (D:6)
  2 adders
  2 gnolls (D:6)
  A shadow imp (D:5)
  2 dart slugs
  5 leopard geckos
  5 orcs
  A ball python (D:2)
  2 giant cockroaches
  8 goblins
  10 hobgoblins
  5 jackals (D:2)
  2 quokkas (D:2)
  7 bats
  4 frilled lizards
  3 kobolds
  4 rats
66 creatures vanquished.

Vanquished Creatures (collateral kills)
  Sigmund (D:4)
  An ice beast (D:5)
  2 scorpions (D:5)
  A water moccasin skeleton (D:5)
  A howler monkey (D:5)
  A hound (D:4)
  2 orc wizards
  4 worker ants
  12 gnolls
  6 adders
  An ooze (D:4)
  2 dart slugs
  11 orcs
  A goblin (D:1)
  A hobgoblin (D:3)
  9 jackals
  2 kobolds (D:2)
  3 bats (D:1)
  2 frilled lizards (D:2)
  A rat (D:3)
64 creatures vanquished.

Grand Total: 130 creatures vanquished

Notes
Turn   | Place    | Note
-------+----------+-------------------------------------------
     0 | D:1      | severenz the Demonspawn Summoner began the quest for the Orb.
     0 | D:1      | Reached XP level 1. HP: 13/13 MP: 3/3
   439 | D:1      | Gained mutation: You have large cloven feet. [demonic ancestry]
   439 | D:1      | Reached XP level 2. HP: 15/19 MP: 3/5
   532 | D:1      | Learned a level 2 spell: Call Imp
  1118 | D:2      | Gained mutation: You have hoof-like feet. [demonic ancestry]
  1118 | D:2      | Reached XP level 3. HP: 24/24 MP: 1/6
  1369 | D:2      | Reached skill level 1 in Ice Magic
  1844 | D:2      | Reached XP level 4. HP: 27/30 MP: 7/7
  1863 | D:2      | Learned a level 4 spell: Summon Ice Beast
  2463 | D:3      | Reached XP level 5. HP: 2/35 MP: 0/8
  2816 | D:3      | Found a snail-covered altar of Cheibriados.
  3464 | D:4      | Noticed Sigmund
  3470 | D:4      | Killed Sigmund
  3470 | D:4      | Reached skill level 5 in Summonings
  3470 | D:4      | Reached XP level 6. HP: 41/41 MP: 1/10
  3499 | D:4      | Learned a level 4 spell: Summon Lightning Spire
  3723 | D:4      | Found a bloodstained altar of Trog.
  4165 | D:5      | Entered Level 5 of the Dungeon
  4331 | D:5      | Reached skill level 1 in Air Magic
  4648 | D:5      | Noticed an ice beast
  4691 | D:5      | Killed an ice beast
  4913 | D:5      | Noticed a two-headed ogre
  4985 | D:4      | Gained mutation: You have hooves in place of feet. [demonic ancestry]
  4985 | D:4      | Reached XP level 7. HP: 13/46 MP: 1/12
  5529 | D:5      | Killed a two-headed ogre
  5529 | D:5      | Reached skill level 6 in Summonings
  5529 | D:5      | Gained mutation: Your movements are slightly less encumbered by armour. (ER -2) [demonic ancestry]
  5529 | D:5      | Reached XP level 8. HP: 52/52 MP: 1/15
  5976 | D:6      | Found a staircase to the Ecumenical Temple.
  5990 | Temple   | Entered the Ecumenical Temple
  6021 | Temple   | Quit the game

Vault maps used:
D:1:      lemuel_arrival_rhombus
D:2:      first_bread
D:3:      kennysheep_big_flooded_room, kennysheep_slug_shrine
D:4:      old_standard_altar, minmay_misc_feat_chi,
          hangedman_abyss_or_decor_stabs, serial_bayou_ford_a, uniq_sigmund
D:6:      nicolae_ru_the_path_less_chosen, uniq_edmund
Temple:   lightli_temple_of_artemis

Skill      XL: |  1  2  3  4  5  6  7 |
---------------+----------------------+-----
Ice Magic      | 1 3 |  3.6
Spellcasting   | 3 4 |  4.9
Summonings     | 5 6 |  6.8
Air Magic      | 1 3 |  3.6
Dodging        | |  1.7
Stealth        | |  1.7

Action                   |  1- 3 |  4- 6 |  7- 9 || total
-------------------------+-------+-------+-------++-------
Melee: Mace              |    62 |       |       ||    62
       Unarmed           |     5 |       |       ||     5
       Kick              |    10 |    24 |     5 ||    39
       Halberd           |    31 |    48 |       ||    79
       Trident           |       |   120 |       ||   120
       Dagger            |       |     6 |    22 ||    28
Throw: Stone             |       |       |     1 ||     1
 Cast: Summon Small Mamm |     6 |       |       ||     6
       Call Imp          |     9 |     5 |       ||    14
       Summon Ice Beast  |       |    17 |     8 ||    25
 Stab: Sleeping          |     1 |     3 |       ||     4
Armor: Robe              |    36 |    38 |       ||    74
       Leather armour    |       |       |     7 ||     7
Dodge: Dodged            |   103 |    97 |    11 ||   211
